 Dungeon Crawl Stone Soup version 0.20-a0-256-gabb291d (webtiles) character file.

67 Leszczynek the Chopper (level 4, -2/37 HPs)
             Began as a Hill Orc Skald on Dec 1, 2016.
             Slain by a gnoll (8 damage)
             ... on level 3 of the Dungeon.
             The game lasted 00:03:25 (2091 turns).

Leszczynek the Chopper (Hill Orc Skald)             Turns: 2091, Time: 00:03:26

Health: -2/37      AC:  4    Str: 15    XL:     4   Next: 18%
Magic:  6/6        EV: 16    Int: 12    God:
Gold:   66         SH:  0    Dex: 15    Spells: 3/6 levels left

rFire  . . .     SeeInvis .     a - +0 hand axe
rCold  . . .     Gourm    .     b - +0 leather armour
rNeg   . . .     Faith    .     (no shield)
rPois  .         Spirit   .     (no helmet)
rElec  .         Reflect  .     q - +0 cloak
rCorr  .         Harm     .     (no gloves)
MR     .....                    (no boots)
Stlth  ++........               (no amulet)
                                (no ring)
                                (no ring)

@: agile, flying
A: no striking features
a: no special abilities


You were on level 3 of the Dungeon.
You were not hungry.

You visited 1 branch of the dungeon, and saw 3 of its levels.

You collected 66 gold pieces.

Inventory:

Hand Weapons
 a - a +0 hand axe (weapon)
Armour
 b - a +0 leather armour (worn)
 q - a +0 cloak (worn)
 y - a +0 shield
Jewellery
 A - an uncursed amulet of guardian spirit {unknown}
Scrolls
 e - a scroll of enchant weapon {unknown}
 g - a scroll of fear {unknown}
 h - 2 scrolls of amnesia {unknown}
 i - a scroll of remove curse {unknown}
 n - a scroll of magic mapping {unknown}
 s - a scroll of enchant armour {unknown}
 v - a scroll of fog {unknown}
Potions
 l - a potion of heal wounds {unknown}
 m - 2 potions of flight
 o - a potion of cure mutation {!q}
 p - a potion of degeneration {unknown}
 r - a potion of invisibility {unknown}
 t - a potion of might {unknown}
 u - a potion of lignification {unknown}
 w - a potion of brilliance {unknown}
Books
 c - a book of Battle

   Spells                             Type                      Level
   a - Infusion                       Charms                       1
   b - Shroud of Golubria             Charms/Translocation         2
   c - Song of Slaying                Charms                       2
   d - Spectral Weapon                Hexes/Charms                 3
   e - Regeneration                   Charms/Necromancy            3
Comestibles
 d - 4 bread rations
 f - a beef jerky
 x - 4 chunks of flesh
 z - a meat ration


   Skills:
 - Level 2.4 Fighting
 + Level 5.7 Axes
 - Level 1.1 Armour
 - Level 0.7 Dodging
 - Level 1.5 Spellcasting
 - Level 2.6 Charms


You had 3 spell levels left.
You knew the following spells:

 Your Spells              Type           Power        Failure   Level  Hunger
a - Infusion              Chrm           #...         12%         1    ##.....
b - Song of Slaying       Chrm           #.......     17%         2    ###....


Dungeon Overview and Level Annotations

Branches:
Dungeon (3/15)

Altars:


Message History

You feel sick.
You are no longer poisoned.
The gnoll hits you but does no damage.
You hit the gnoll.
The gnoll is severely wounded.
The gnoll hits you!
* * * LOW HITPOINT WARNING * * *
You are too injured to fight recklessly!
It was a potion of flight.
You feel very buoyant.
You fly up into the air.
The gnoll closely misses you.
It was a potion of cure mutation.
It has a very clean taste.
The gnoll barely misses you.
It was a potion of curing.
You feel better. The gnoll hits you!
* * * LOW HITPOINT WARNING * * *
Unknown command.
It was a potion of agility.
You feel agile all of a sudden. The gnoll hits you!
You die...

######### #.......#
# #.#####.#
#####.#.#.# #.####
#.g@....#.# #.....
#)###.###.#########.
#.##......#.....# #.
#.##............# #.
#.##.#......#######.
#.##.#...#..##....#'
#...........#.......
####K.......#.###...
#........#.###...


You could see a gnoll.

Vanquished Creatures
  3 adders
  A worm (D:2)
  3 dart slugs
  2 leopard geckos
  A ball python (D:1)
  A giant cockroach (D:2)
  5 goblins
  4 hobgoblins
  3 kobolds
  2 bats (D:1)
  3 frilled lizards
  2 rats (D:2)
30 creatures vanquished.

Notes
Turn   | Place    | Note
-------+----------+-------------------------------------------
     0 | D:1      | Leszczynek the Hill Orc Skald began the quest for the Orb.
     0 | D:1      | Reached XP level 1. HP: 18/18 MP: 3/3
   141 | D:1      | Reached skill level 3 in Axes
   375 | D:1      | Reached XP level 2. HP: 24/25 MP: 4/4
   668 | D:1      | Reached skill level 4 in Axes
  1145 | D:2      | Reached XP level 3. HP: 25/30 MP: 1/5
  1194 | D:2      | Learned a level 2 spell: Song of Slaying
  1275 | D:2      | Reached skill level 5 in Axes
  1954 | D:3      | Reached XP level 4. HP: 29/37 MP: 1/6
  2091 | D:3      | Slain by a gnoll

Vault maps used:
D:1:      lightli_arrival_lavapool
D:2:      lemuel_upstairs_altar, uniq_sigmund
D:3:      glass_columns_a, uniq_grinder, uniq_jessica

Skill      XL: |  1  2  3 |
---------------+----------+-----
Axes           | 3 4 5 |  5.7
Fighting       | |  2.4
Armour         | |  1.1
Dodging        | |  0.7
Spellcasting   | |  1.5
Charms         | |  2.6

Action                   |  1- 3 |  4- 6 || total
-------------------------+-------+-------++-------
Melee: Hand axe          |    97 |    12 ||   109
 Cast: Infusion          |     4 |       ||     4
  Use: Potion            |       |     4 ||     4
  Eat: Chunk             |     3 |     1 ||     4
Armor: Leather armour    |    23 |     2 ||    25
Dodge: Dodged            |    55 |     7 ||    62
